 Dungeon Crawl Stone Soup version 0.18-a0-1028-g6e46bd4 (webtiles) character file.

74 Leibowitz the Skirmisher (level 3, 0/31 HPs)
             Began as a Demigod Fighter on Jan 9, 2016.
             Slain by an orc
             ... wielding a +0 short sword
              (1 damage)
             ... on level 2 of the Dungeon.
             The game lasted 00:03:59 (1206 turns).

Leibowitz the Skirmisher (Demigod Fighter)          Turns: 1206, Time: 00:04:01

Health: 0/31       AC:  3    Str: 19      XL:     3   Next: 86%
Magic:  5/5        EV:  9    Int: 10 (12) God:
Gold:   72         SH:  9    Dex: 17      Spells: 0 memorised, 2 levels left

rFire  . . .     SeeInvis .     g - +0 long sword
rCold  . . .     Gourm    .     r - +0 leather armour
rNeg   . . .     Faith    .     c - +0 shield
rPois  .         Spirit   .     (no helmet)
rElec  .         Dismiss  .     (no cloak)
rCorr  .         Reflect  .     (no gloves)
SustAt +         Harm     .     (no boots)
MR     .....                    (no amulet)
Stlth  ++........               (no ring)
                                (no ring)

@: not resistant to hostile enchantments, unstealthy
A: high mp 1, sustain attributes
a: no special abilities


You were on level 2 of the Dungeon.
You were not hungry.

You visited 1 branch of the dungeon, and saw 3 of its levels.

You collected 72 gold pieces.

Inventory:

Hand Weapons
 a - a +2 dagger of venom
 g - a +0 long sword (weapon)
Missiles
 h - 4 javelins of penetration (quivered)
 p - 19 poisoned needles
Armour
 c - a +0 shield (worn)
 r - a +0 leather armour (worn)
Scrolls
 e - a scroll of enchant armour {unknown}
 j - a scroll of teleportation {unknown}
 l - a scroll of noise {unknown}
 m - 2 scrolls of remove curse {unknown}
 n - a scroll of recharging {unknown}
 v - 2 scrolls of identify {unknown}
Potions
 d - a potion of might
 k - a potion of lignification {unknown}
 o - a potion of resistance {unknown}
 t - a potion of curing {unknown}
 u - a potion of haste {unknown}
Comestibles
 f - 6 bread rations
 i - 7 fruits
 q - a beef jerky
 s - a slice of pizza
 w - 2 chunks of flesh


   Skills:
 * Level 3.2 Fighting
 * Level 2.0 Long Blades
 + Level 0.3 Throwing
 * Level 3.0 Armour
 * Level 0.8 Dodging
 * Level 1.4 Stealth
 * Level 3.1 Shields


You had 2 spell levels left.
You didn't know any spells.

Dungeon Overview and Level Annotations

Branches:
Dungeon (3/15)


Innate Abilities, Weirdness & Mutations

You have an increased reservoir of magic (+10% MP).
Your attributes are resistant to harm.


Message History

The orc hits you with a short sword.
You hit the orc wizard but do no damage.
The orc wizard is heavily wounded.
The orc wizard gestures at you while chanting.
The magic dart hits you!
* * * LOW HITPOINT WARNING * * *
You block the orc's attack. The orc barely misses you.
You block the orc wizard's attack. The orc barely misses you.
The orc hits you with a short sword.
* * * LOW HITPOINT WARNING * * *
The orc wizard gestures wildly while chanting.
The orc wizard blinks!
Drink which item? (? for menu, Esc to quit)
It was a potion of degeneration.
There was something very wrong with that liquid.
You feel somewhat dopey.
The orc wizard mumbles some strange words.
The orc wizard blinks!
The orc barely misses you. The orc hits you with a short sword.
You die...

.......#
##.#...##############
#.#................#
#.#...######.....§.#
##.##...# #.......# .#.####.#
##.......#
.#.####.####.o.....†########
...............÷o§.........##
.##..###.####...@o..######..#
....†.##(# ######### ##.##
.####....####### ##...## .#
##..(......# ##.....## .#
####...##.### #.......# .#
#.#..#...#######..._...# ##
#.#............#.......#
#..............##.....##
#...............##...##


You could see an orc wizard and 2 orcs.

Vanquished Creatures
  2 adders (D:2)
  2 oozes
  2 worms (D:2)
  A giant gecko (D:2)
  An orc (D:2)
  4 giant cockroaches
  6 goblins
  7 hobgoblins
  2 jackals (D:1)
  7 kobolds
  A quokka (D:2)
  A ball python (D:2)
  3 rats
39 creatures vanquished.

Notes
Turn   | Place    | Note
--------------------------------------------------------------
     0 | D:1      | Leibowitz the Demigod Fighter began the quest for the Orb.
     0 | D:1      | Reached XP level 1. HP: 18/18 MP: 3/3
   303 | D:1      | Reached XP level 2. HP: 25/25 MP: 4/4
   428 | D:1      | Reached skill level 3 in Armour
   450 | D:1      | Found a glowing golden altar of the Shining One.
   709 | D:2      | Found a basalt altar of Yredelemnul.
   716 | D:2      | Reached skill level 1 in Stealth
   720 | D:2      | Reached XP level 3. HP: 31/31 MP: 5/5
  1098 | D:2      | Found a shadowy altar of Dithmenos.
  1205 | D:2      | HP: 1/31 [orc/short sword (6)]
  1206 | D:2      | Slain by an orc

Vault maps used:
D:1:      lightli_arrival_chessboard, tso_metal_star
D:2:      lemuel_round_altar, yredelemnul_altar_generic
D:3:      nicolae_ru_the_path_less_chosen, item_on_display_a

Action                   || total
-------------------------++-------
Melee: Long sword        ||    98
       Dagger            ||    18
Throw: Javelin           ||     5
  Use: Potion            ||     1
  Eat: Chunk             ||     1
